 Dungeon Crawl Stone Soup version 0.28-a0-1447-ga5a8893891 (webtiles) character file.

Game seed: 5655023776493693618

36 YayAnonymity the Vandal (level 3, 0/27 HPs)
             Began as a Demonspawn Hunter on Jan 11, 2022.
             Slain by Terence (2 damage)
             ... on level 2 of the Dungeon.
             The game lasted 00:02:09 (1325 turns).

YayAnonymity the Vandal (Demonspawn Hunter)         Turns: 1325, Time: 00:02:09

Health: 0/27       AC: 11    Str: 14    XL:     3   Next: 19%
Magic:  3/3        EV: 11    Int: 12    God:
Gold:   0          SH:  0    Dex: 19    Spells: 2/2 levels left

rFire   . . .      SeeInvis .   b - +1 spear (vamp)
rCold   . . .      Faith    .   (no shield)
rNeg    . . .      Spirit   .   g - +0 ring mail
rPois   .          Reflect  .   (no helmet)
rElec   .          Harm     .   (no cloak)
rCorr   .          Rampage  .   (no gloves)
Will    .....                   (no boots)
Stlth   +.........              (no amulet)
HPRegen 0.09/turn               h - +6 ring of dexterity
MPRegen 0.08/turn               (no ring)

@: sanguine armoured
A: sanguine armour 1
a: no special abilities


You were on level 2 of the Dungeon.
You visited 1 branch of the dungeon, and saw 2 of its levels.

Inventory:

Hand Weapons
 a - a +1 hunting sling
 b - a +1 vampiric spear (weapon)
Missiles
 d - 42 sling bullets
 i - 22 stones (quivered)
Armour
 g - a +0 ring mail (worn)
Jewellery
 h - a +6 ring of dexterity (left hand)
 k - a ring of willpower
Scrolls
 e - a scroll of fear {unknown}
 f - 2 scrolls of enchant weapon {unknown}
 l - a scroll of immolation {unknown}
Potions
 c - a potion of berserk rage {unknown}
 j - a potion of heal wounds {unknown}


   Skills:
 - Level 2.0 Fighting
 * Level 4.3 Slings
 + Level 2.3 Dodging
 - Level 1.0 Stealth


You had 2 spell levels left.
You didn't know any spells.
Your spell library contained the following spells:

 Spells                   Type           Power      Damage    Failure   Level
 Tukima's Dance           Hex            0%         N/A       90%         3
 Anguish                  Hex/Necr       0%         N/A       100%        4
 Enfeeble                 Hex            0%         N/A       100%        7


Dungeon Overview and Level Annotations

Branches:
Dungeon (2/15)

Altars:

Annotations:
D:2 Terence


Innate Abilities, Weirdness & Mutations

When seriously injured, your blood forms armour. (AC +6)


Message History

Terence is heavily wounded.
Terence closely misses you.
Reach: b) +1 spear (vamp)
Press: ? - help, Dir - move target, f/p - Terence
Aim: Terence, wielding a +0 flail and wearing a +3 scale mail of cold resistance (heavily wounded, about 31% to evade your +1 vampiric spear)
You closely miss Terence.
Terence is heavily wounded.
Terence misses you.
Reach: b) +1 spear (vamp)
Press: ? - help, Dir - move target, f/p - Terence
Aim: Terence, wielding a +0 flail and wearing a +3 scale mail of cold resistance (heavily wounded, about 31% to evade your +1 vampiric spear)
You hit Terence but do no damage.
Terence is heavily wounded.
Terence hits you with a +0 flail.
* * * LOW HITPOINT WARNING * * *
Reach: b) +1 spear (vamp)
Press: ? - help, Dir - move target, f/p - Terence
Aim: Terence, wielding a +0 flail and wearing a +3 scale mail of cold resistance (heavily wounded, about 31% to evade your +1 vampiric spear)
You hit Terence but do no damage.
Terence is heavily wounded.
Terence barely misses you. Terence hits you but does no damage.
Reach: b) +1 spear (vamp)
Press: ? - help, Dir - move target, f/p - Terence
Aim: Terence, wielding a +0 flail and wearing a +3 scale mail of cold resistance (heavily wounded, about 31% to evade your +1 vampiric spear)
You completely miss Terence.
Terence is heavily wounded.
Terence closely misses you.
Reach: b) +1 spear (vamp)
Press: ? - help, Dir - move target, f/p - Terence
Aim: Terence, wielding a +0 flail and wearing a +3 scale mail of cold resistance (heavily wounded, about 31% to evade your +1 vampiric spear)
You closely miss Terence.
Terence is heavily wounded.
Terence hits you but does no damage.
Reach: b) +1 spear (vamp)
Press: ? - help, Dir - move target, f/p - Terence
Aim: Terence, wielding a +0 flail and wearing a +3 scale mail of cold resistance (heavily wounded, about 31% to evade your +1 vampiric spear)
You closely miss Terence.
Terence is heavily wounded.
Terence hits you with a +0 flail.
You die...

# #########
#.##.......####
#>.@@..........
#.##.......##
###....##
#.####....#
#.........#
#####....#
#.(.##.###
#####.#.##.#
#.....#.##.#


You could see Terence.

Vanquished Creatures
  A dart slug (D:1)
  4 ball pythons (D:1)
  An endoplasm (D:1)
  A giant cockroach (D:2)
  3 goblins (D:1)
  3 hobgoblins (D:1)
  5 jackals (D:1)
  3 quokkas (D:1)
  3 bats (D:1)
  A frilled lizard (D:2)
  3 kobolds (D:1)
  4 rats
32 creatures vanquished.

Vanquished Creatures (others)
  2 demonic plants (D:1)
  4 fungi (D:1)
  2 plants (D:1)
  3 withered plants (D:1)
11 creatures vanquished.

Grand Total: 43 creatures vanquished

Notes
Turn   | Place    | Note
-------+----------+-------------------------------------------
     0 | D:1      | YayAnonymity the Demonspawn Hunter began the quest for the
                  | Orb.
     0 | D:1      | Reached XP level 1. HP: 16/16 MP: 1/1
    35 | D:1      | Reached skill level 1 in Stealth
   116 | D:1      | Gained mutation: When seriously injured, your blood forms
                  | armour. (AC +6) [demonic ancestry]
   116 | D:1      | Reached XP level 2. HP: 22/22 MP: 2/2
   142 | D:1      | Reached skill level 4 in Slings
   147 | D:1      | Found a faded altar of an unknown god.
   756 | D:1      | Reached XP level 3. HP: 19/27 MP: 3/3
  1305 | D:2      | Noticed Terence
  1321 | D:2      | HP: 1/27 [Terence (4)]
  1325 | D:2      | Slain by Terence

Illustrated notes

Levels and vault maps discovered:
D:1:      enne_arrival_octagon_isle, layout_basic, shapermc_ecumenical_altar_gd,
          grunt_decor_arrowhead
D:2:      layout_basic, uniq_terence

Skill      XL: |  1  2 |
---------------+-------+-----
Stealth        | 1 |  1.0
Dodging        | 2 |  2.3
Slings         | 4 |  4.3
Fighting       | |  2.0

Action                   || total
-------------------------++-------
Melee: Short sword       ||    65
       Punch             ||     1
       Spear             ||    21
 Fire: Hunting sling     ||    15
 Stab: Sleeping          ||     3
Armor: Leather armour    ||     1
       Ring mail         ||    35
Dodge: Dodged            ||    63

Table legend: (Time is in decaauts)
 A = Elapsed time spent in this place.
 B = Non-inter-level travel time spent in this place.
 C = Inter-level travel time spent in this place.
 D = Time resting spent in this place.
 E = Time spent auto-exploring this place.
 F = Levels seen in this place.
 G = Mean time per level.
                   A        B        C        D        E       F      G
               +--------+--------+--------+--------+--------+-----+--------+
         Total |   1330 |   1232 |     98 |      0 |    978 |   2 |  665.0 |
       Dungeon |   1330 |   1232 |     98 |      0 |    978 |   2 |  665.0 |
               +--------+--------+--------+--------+--------+-----+--------+

Top non-repeatable levels by time:
     D:1: 1234 daAuts
     D:2: 95 daAuts
